 Dungeon Crawl Stone Soup version 0.26-a0-651-gb41185065b (webtiles) character file.

Game seed: 3424406824085572373

1593 kae the Grappler (level 8, -1/59 HPs)
             Began as a Yellow Draconian Transmuter on Oct 13, 2020.
             Was a Follower of Uskayaw.
             Slain by a hippogriff (7 damage)
             ... on level 10 of the Dungeon.
             The game lasted 00:05:01 (8128 turns).

kae the Grappler (Yellow Draconian Transmuter)      Turns: 8128, Time: 00:05:02

Health: -1/59      AC:  2    Str: 14    XL:     8   Next: 61%
Magic:  4/11       EV: 19    Int: 14    God:    Uskayaw [*.....]
Gold:   461        SH:  0    Dex: 17    Spells: 1/11 levels left

rFire    x . .     SeeInvis .     - Unarmed
rCold    + . .     Faith    .   (shield currently unavailable)
rNeg     . . .     Spirit   .   (armour unavailable)
rPois    x         Reflect  .   (helmet currently unavailable)
rElec    .         Harm     .   (cloak currently unavailable)
rCorr    .         Rampage  .   (gloves currently unavailable)
MR       .....                  (boots currently unavailable)
Stlth    ++........             (no amulet)
HPRegen  0.19/turn              h - ring of ice
MPRegen  0.12/turn              (no ring)

@: spider-form
A: tiny, (spit acid), unfitting armour, AC +6
a: End Transformation, Stomp, Renounce Religion


You were on level 10 of the Dungeon.
You worshipped Uskayaw.
Uskayaw was noncommittal.
You were a venomous arachnid creature.
You visited 1 branch of the dungeon, and saw 8 of its levels.

You collected 461 gold pieces.

Inventory:

Hand Weapons
 l - a +3 vorpal spear (melded)
Jewellery
 h - a ring of ice (left front leg)
Wands
 k - a wand of enslavement (14)
Scrolls
 c - 3 scrolls of magic mapping
 g - a scroll of remove curse
 n - a scroll of vulnerability {unknown}
 p - a scroll of fear
 q - a scroll of summoning {unknown}
Potions
 a - 3 potions of brilliance
 b - a potion of magic
 d - 3 potions of stabbing
 e - a potion of mutation
 f - 4 potions of lignification
 i - 5 potions of curing
 j - 2 potions of heal wounds
 m - 3 potions of invisibility
 o - a potion of might {unknown}
 r - 2 potions of berserk rage {unknown}


   Skills:
 - Level 1.1 Fighting
 - Level 1.7 Dodging
 * Level 9.4 Unarmed Combat
 - Level 2.0 Spellcasting
 + Level 6.5 Transmutations


You had one spell level left.
You knew the following spells:

 Your Spells              Type           Power        Failure   Level
a - Beastly Appendage     Tmut           ###...       7%          1
b - Wereblood             Tmut           ###.....     10%         2
c - Spider Form           Tmut/Pois      ##........   38%         3
d - Ice Form              Ice/Tmut       ###.....     73%         4

Your spell library contained the following spells:

 Spells                   Type           Power        Failure   Level
 Animate Skeleton         Necr           #.....       45%         1
 Apportation              Tloc           #.....       45%         1
 Corona                   Hex            #......      45%         1
 Summon Small Mammal      Summ           #...         45%         1
 Blade Hands              Tmut           ###.......   63%         5
 Petrify                  Tmut/Erth      ##......     73%         4
 Confusing Touch          Hex            #.......     77%         3
 Gell's Gravitas          Tloc           #.........   77%         3
 Yara's Violent Unravell  Hex/Tmut       ##........   95%         5
 Metabolic Englaciation   Hex/Ice        #.........   100%        5


Dungeon Overview and Level Annotations

Branches:
Dungeon (7/15)             Temple (0/1) D:7

Altars:
Ashenzari
Cheibriados
Hepliaklqana
Kikubaaqudgha
Nemelex Xobeh
Ru
Uskayaw
Vehumet

Shops:
D:6 :


Innate Abilities, Weirdness & Mutations

((You can spit globs of acid.))
((Your golden yellow scales are hard. (AC +6)))
You cannot fit into any form of body armour.
((You are cold-blooded and may be slowed by cold attacks.))
((You are resistant to acid. (rCorr)))


Message History

You hit the hippogriff.
The hippogriff looks as sick as possible!
The hippogriff is heavily wounded.
The hippogriff closely misses you. x2; The hippogriff claws you.
The centaur warrior skeleton hits you.
You hit the hippogriff but do no damage.
The hippogriff is heavily wounded.
The centaur warrior skeleton hits you. The hippogriff bites you!
* * * LOW HITPOINT WARNING * * *
The hippogriff pecks you.
* * * LOW HITPOINT WARNING * * *
The hippogriff claws you.
* * * LOW HITPOINT WARNING * * *
You barely miss the hippogriff.
The hippogriff is heavily wounded.
The centaur warrior skeleton misses you.
You bite the hippogriff!
The hippogriff is almost dead.
The hippogriff bites you!
You die...

#. #. #. #. #.
######+### #.
#......>..
#Z####.........
#.sH...........
####...........
#...........
#...)......?
#.....######
#$....# #.....#
#.....# #.....#


You could see a hippogriff (extremely poisoned) and a centaur warrior skeleton.

Vanquished Creatures
  2 sky beasts (D:6)
  An orc warrior (D:6)
  2 ice beasts (D:6)
  A black bear (D:7)
  A centaur (D:7)
  An ogre (D:4)
  A big kobold (D:4)
  A bullfrog (D:7)
  A scorpion (D:5)
  2 howler monkeys (D:5)
  A hound (D:4)
  An orc priest (D:6)
  An iguana (D:5)
  2 orc wizards
  5 worker ants
  A killer bee zombie (D:5)
  A hound zombie (D:7)
  7 gnolls
  13 adders
  3 white imps
  An ufetubus (D:4)
  An ooze (D:3)
  A worm (D:3)
  2 dart slugs
  4 leopard geckos
  12 orcs
  8 bats
  3 giant cockroaches (D:3)
  6 goblins
  7 hobgoblins
  3 jackals (D:5)
  25 kobolds
  3 quokkas
  2 ball pythons
  4 frilled lizards
  A leopard gecko skeleton (D:5)
  5 rats
136 creatures vanquished.

Vanquished Creatures (others)
  13 plants
13 creatures vanquished.

Grand Total: 149 creatures vanquished

Notes
Turn   | Place    | Note
-------+----------+-------------------------------------------
     0 | D:1      | kae the Draconian Transmuter began the quest for the Orb.
     0 | D:1      | Reached XP level 1. HP: 16/16 MP: 3/3
   301 | D:1      | Reached XP level 2. HP: 21/23 MP: 3/5
   912 | D:2      | Reached XP level 3. HP: 28/28 MP: 6/6
  1127 | D:2      | Reached skill level 4 in Unarmed Combat
  1477 | D:2      | Reached XP level 4. HP: 19/35 MP: 5/7
  1840 | D:2      | Found a radiant altar of Vehumet.
  1841 | D:2      | Found a hazy altar of Hepliaklqana.
  2170 | D:3      | Learned a level 2 spell: Wereblood
  2174 | D:3      | Learned a level 3 spell: Spider Form
  2337 | D:3      | Found a sacrificial altar of Ru.
  2592 | D:3      | Found an ancient bone altar of Kikubaaqudgha.
  2592 | D:3      | Found a sparkling altar of Nemelex Xobeh.
  2812 | D:3      | Reached skill level 5 in Unarmed Combat
  2813 | D:3      | Reached XP level 5. HP: 33/40 MP: 6/8
  3060 | D:3      | Found a snail-covered altar of Cheibriados.
  3252 | D:4      | Found a broken altar of Ashenzari.
  3276 | D:4      | Noticed an ogre
  3729 | D:4      | Noticed an ogre
  3736 | D:4      | Killed an ogre
  3736 | D:4      | Reached XP level 6. HP: 47/47 MP: 5/9
  3917 | D:4      | Reached skill level 6 in Unarmed Combat
  4758 | D:5      | Entered Level 5 of the Dungeon
  4874 | D:5      | Your scales start taking on a golden yellow colour.
  4874 | D:5      | Reached XP level 7. HP: 40/52 MP: 7/10
  4874 | D:5      | Gained mutation: You are resistant to acid. (rCorr) [Yellow
                  | Draconian growth]
  5014 | D:5      | Learned a level 4 spell: Ice Form
  5138 | D:5      | Reached skill level 7 in Unarmed Combat
  5248 | D:5      | HP: 2/52 [poisoned by a scorpion]
  5609 | D:5      | Reached skill level 5 in Transmutations
  6601 | D:6      | Reached skill level 8 in Unarmed Combat
  6698 | D:6      | Reached XP level 8. HP: 55/59 MP: 8/11
  7147 | D:6      | Found Obaxt's Book Emporium.
  7342 | D:7      | Found a hide-covered altar of Uskayaw.
  7432 | D:7      | Became a worshipper of Uskayaw the Reveler
  7456 | D:7      | Reached * piety under Uskayaw
  7461 | D:7      | Reached ** piety under Uskayaw
  7462 | D:7      | Reached skill level 9 in Unarmed Combat
  7771 | D:7      | Found a staircase to the Ecumenical Temple.
  7948 | D:7      | Reached *** piety under Uskayaw
  8109 | D:7      | You fall into a shaft and drop 3 floors!
  8109 | D:10     | Entered Level 10 of the Dungeon
  8109 | D:10     | Noticed a hippogriff
  8128 | D:10     | Slain by a hippogriff

Illustrated notes

Levels and vault maps discovered:
D:1:      ncdulo_lavacross, layout_rooms
D:2:      layout_loops_ring, nicolae_overflow_hidden_temple, serial_forest,
          infiniplex_forest_clump_long, infiniplex_forest_end_3,
          infiniplex_forest_clump_cross, infiniplex_forest_straight_1,
          infiniplex_forest_pool, infiniplex_forest_lined_room_2
D:3:      minmay_bubble_buster, layout_basic, marbit_many_paths,
          nicolae_ru_great_annihilating_truth,
          chequers_temple_overflow_statue_of_worship
D:4:      kennysheep_kobold_camp, layout_basic, ashenzari_conservatory_becter
D:5:      layout_loops_ring, bh_walls_and_bars
D:6:      layout_basic, serial_shops, kennysheep_little_box
D:7:      layout_basic, eat_drink_and_be_merry_uskayaw,
          minmay_temple_entry_large_hall, minmay_bent
D:10:     layout_basic, orc_0_dummy

Skill      XL: |  1  2  3  4  5  6  7  8 |
---------------+-------------------------+-----
Unarmed Combat | 4 5 6 8 9 |  9.4
Transmutations | 3 4 5 6 |  6.5
Fighting       | |  1.1
Dodging        | |  1.7
Spellcasting   | |  2.0

Action                   |  1- 3 |  4- 6 |  7- 9 || total
-------------------------+-------+-------+-------++-------
Melee: Unarmed           |    53 |    78 |   109 ||   240
       Kick              |     9 |    16 |     5 ||    30
       Headbutt          |     5 |    13 |       ||    18
       Tailslap          |     4 |    16 |    11 ||    31
       Spear             |       |   123 |    72 ||   195
       Punch             |       |     1 |     1 ||     2
 Cast: Beastly Appendage |    18 |    23 |     7 ||    48
       Spider Form       |       |     4 |    17 ||    21
  Use: Scroll            |     4 |    10 |     5 ||    19
 Stab: Sleeping          |     1 |     1 |       ||     2
       Paralysed         |       |     1 |     1 ||     2
Armor: Skin              |    15 |    65 |    26 ||   106
Dodge: Dodged            |    35 |   152 |   125 ||   312

Table legend: (Time is in decaauts)
 A = Elapsed time spent in this place.
 B = Non-inter-level travel time spent in this place.
 C = Inter-level travel time spent in this place.
 D = Time resting spent in this place.
 E = Time spent auto-exploring this place.
 F = Levels seen in this place.
 G = Mean time per level.
                   A        B        C        D        E       F      G
               +--------+--------+--------+--------+--------+-----+--------+
         Total |   8119 |   7835 |    284 |      0 |   6740 |   8 | 1014.9 |
       Dungeon |   8119 |   7835 |    284 |      0 |   6740 |   8 | 1014.9 |
               +--------+--------+--------+--------+--------+-----+--------+

Top non-repeatable levels by time:
     D:2: 1483 daAuts
     D:3: 1315 daAuts
     D:4: 1313 daAuts
     D:6: 1292 daAuts
     D:5: 1282 daAuts
     D:7: 767 daAuts
     D:1: 646 daAuts
    D:10: 17 daAuts
